 Dungeon Crawl Stone Soup version 0.29-a0-2-g12fcac58f8 (webtiles) character file.

Game seed: 1102514792492290312

281 HallandMoats the Skirmisher (level 6, -4/56 HPs)
             Began as a Ghoul Monk on Jan 27, 2022.
             Was a Believer of Makhleb.
             Hit by a boomerang thrown by an orc warrior (8 damage)
             ... on level 3 of the Dungeon.
             The game lasted 00:05:41 (3985 turns).

HallandMoats the Skirmisher (Ghoul Monk)            Turns: 3985, Time: 00:05:42

Health: -4/56      AC:  7    Str: 15    XL:     6   Next: 27%
Magic:  6/6        EV: 12    Int:  5    God:    Makhleb [**....]
Gold:   210        SH:  0    Dex: 13    Spells: 5/5 levels left

rFire   . . .      SeeInvis .     - Unarmed
rCold   + + .      Faith    .   (no shield)
rNeg    + + +      Spirit   .   k - +3 leather armour of the Lily {Rampage rC+}
rPois   ∞          Reflect  .   (no helmet)
rElec   .          Harm     .   (no cloak)
rCorr   .          Rampage  +   (no gloves)
Will    .....                   e - +0 pair of boots
Stlth   ++........              (no amulet)
HPRegen 0.00/turn               (no ring)
MPRegen 0.10/turn               (no ring)

@: inhibited regen
A: claws 1, cold resistance 1, negative energy resistance 3, inhibited
regeneration, torment resistance 2
a: Renounce Religion, Minor Destruction


You were on level 3 of the Dungeon.
You worshipped Makhleb.
Makhleb was pleased with you.
You visited 1 branch of the dungeon, and saw 4 of its levels.

You collected 210 gold pieces.

Inventory:

Armour
 e - a +0 pair of boots (worn)
 k - the +3 leather armour of the Lily (worn) {Rampage rC+}
   (You found it on level 2 of the Dungeon)

   rC:        It protects you from cold.
   Rampage:   It bestows one free step when moving towards enemies.
Wands
 l - a wand of iceblast (5)
Scrolls
 c - 3 scrolls of teleportation
 d - 2 scrolls of fear
 f - a scroll of brand weapon
 g - a scroll of enchant armour
 h - a scroll of vulnerability {unknown}
 j - 2 scrolls of magic mapping
Potions
 a - a potion of curing {unknown}
 b - a potion of lignification {unknown}
 i - a potion of might {unknown}
 m - a potion of berserk rage {unknown}


   Skills:
 * Level 5.1 Fighting
 + Level 0.9 Armour
 + Level 3.5 Dodging
 - Level 2.1 Stealth
 * Level 5.0 Unarmed Combat
 * Level 1.8 Invocations


You had 5 spell levels left.
You didn't know any spells.
Your spell library was empty.

Dungeon Overview and Level Annotations

Branches:
Dungeon (4/15)
 Temple: D:4-7

Altars:
Cheibriados
Makhleb
Xom


Innate Abilities, Weirdness & Mutations

You thrive by killing the living.
You are immune to poison.
You have sharp fingernails.
Your flesh is cold resistant. (rC+)
You are immune to negative energy. (rN+++)
You do not regenerate when monsters are visible.
You are immune to unholy pain and torment.


Message History

You claw the orc warrior!
The orc warrior is moderately wounded.
The orc warrior hits you with a +0 hand axe!
You closely miss the orc warrior.
The orc warrior is moderately wounded.
The orc warrior hits you with a +0 hand axe!
You scratch the orc warrior.
The orc warrior is moderately wounded.
The orc warrior hits you with a +0 hand axe.
You closely miss the orc warrior.
The orc warrior is moderately wounded.
The orc warrior misses you.
Aiming: Minor Destruction (10% risk of failure)
Press: ? - help, Shift-Dir - straight line, f - orc warrior
Aim: an orc warrior, wielding a +0 hand axe, wearing a +0 chain mail and quivering boomerangs (moderately wounded)
You fail to use your ability.
The orc warrior hits you with a +0 hand axe!
Unknown command.
Aiming: Minor Destruction (10% risk of failure)
Press: ? - help, Shift-Dir - straight line, f/p - orc warrior
Aim: an orc warrior, wielding a +0 hand axe, wearing a +0 chain mail and quivering boomerangs (moderately wounded)
The zap misses the orc warrior.
The orc warrior hits you with a +0 hand axe!
* * * LOW HITPOINT WARNING * * *
The orc warrior throws a boomerang.
The boomerang hits you!
* * * LOW HITPOINT WARNING * * *
The orc warrior throws a boomerang.
The boomerang barely misses you.
Aiming: Minor Destruction (10% risk of failure)
Press: ? - help, Shift-Dir - straight line, f/p - orc warrior
Aim: an orc warrior, wielding a +0 hand axe, wearing a +0 chain mail and quivering boomerangs (moderately wounded)
The zap hits the orc warrior.
The orc warrior is moderately wounded.
Aiming: Iceblast
Press: ? - help, Shift-Dir - straight line, f/p - orc warrior
Aim: an orc warrior, wielding a +0 hand axe, wearing a +0 chain mail and quivering boomerangs (moderately wounded)
The mass of ice explodes!
The iceblast engulfs the orc warrior.
The orc warrior is heavily wounded.
Unknown command.
The orc warrior throws a boomerang.
The boomerang hits you!
You die...

....####.# ##.##
#......#.######.#.##
##...#...........#.#
#.....##.######...##
##.......# ##.##
##.###### #.# #.#
#.# #.# #.# ##'##
#@# ##...## #.#
#.....## ####o#
.......## ##.##.#
........####...#.#
........'........#
........####...#.#
.......## ##.##.##
#.....## #...)..#


You could see an orc warrior.

Vanquished Creatures
  A gnoll shaman (D:3)
  2 iguanas
  Terence (D:3)
  Ijyb (D:3)
  3 gnolls (D:3)
  4 adders
  An adder skeleton (D:4)
  3 worms
  5 dart slugs
  5 orcs
  6 endoplasms
  2 giant cockroaches (D:1)
  8 goblins
  3 hobgoblins
  3 quokkas
  4 ball pythons
  2 bats
  2 frilled lizards
  6 kobolds
  3 rats (D:1)
65 creatures vanquished.

Vanquished Creatures (others)
  2 fungi (D:4)
  5 toadstools (D:4)
7 creatures vanquished.

Grand Total: 72 creatures vanquished

Notes
Turn   | Place    | Note
-------+----------+-------------------------------------------
     0 | D:1      | HallandMoats the Ghoul Monk began the quest for the Orb.
     0 | D:1      | Reached XP level 1. HP: 19/19 MP: 0/0
    44 | D:1      | Reached XP level 2. HP: 26/26 MP: 1/1
   687 | D:2      | Reached XP level 3. HP: 33/33 MP: 2/2
   755 | D:2      | Found a shimmering altar of Xom.
  1318 | D:2      | Identified the +3 leather armour of the Lily {Rampage rC+}
  1678 | D:2      | Reached XP level 4. HP: 22/41 MP: 3/3
  2005 | D:3      | Found a faded altar of an unknown god.
  2048 | D:3      | Noticed Terence
  2065 | D:3      | Killed Terence
  2140 | D:3      | Reached XP level 5. HP: 47/47 MP: 4/4
  2555 | D:3      | Found a burning altar of Makhleb.
  2565 | D:3      | Became a worshipper of Makhleb the Destroyer
  2565 | D:3      | Reached * piety under Makhleb
  2565 | D:3      | Reached ** piety under Makhleb
  2774 | D:3      | Noticed Ijyb
  2797 | D:3      | Killed Ijyb
  2921 | D:4      | Reached skill level 1 in Invocations
  3071 | D:4      | Found a snail-covered altar of Cheibriados.
  3297 | D:3      | Reached skill level 5 in Fighting
  3297 | D:3      | Reached skill level 5 in Unarmed Combat
  3297 | D:3      | Reached XP level 6. HP: 56/56 MP: 6/6
  3764 | D:4      | Noticed an orc warrior
  3985 | D:3      | Hit by a boomerang thrown by an orc warrior

Illustrated notes

Levels and vault maps discovered:
D:1:      minmay_arrival_semitransparent, layout_basic, minmay_tetromino_i4
D:2:      layout_basic, basic_altar
D:3:      layout_loops_corners, lemuel_round_altar,
          shapermc_ecumenical_altar_petra, chequers_serial_rivers_micro_d,
          uniq_terence, uniq_ijyb
D:4:      layout_basic, nicolae_ru_awakened_eye,
          mainiacjoe_overflow_surrounded_room, slow_altar_2, lemuel_round_altar,
          hangedman_decor_opposing, minmay_gold_behind_fungi

Skill      XL: |  1  2  3  4  5 |
---------------+----------------+-----
Dodging        | 3 |  3.5
Unarmed Combat | 4 5 |  5.0
Fighting       | 4 5 |  5.1
Invocations    | 1 |  1.8
Armour         | |  0.9
Stealth        | |  2.1

Action                   |  1- 3 |  4- 6 || total
-------------------------+-------+-------++-------
Melee: Unarmed           |   105 |   169 ||   274
       Punch             |     1 |     9 ||    10
Invok: Minor Destruction |       |     2 ||     2
Evoke: Wand              |       |     1 ||     1
  Use: Scroll            |     5 |       ||     5
 Stab: Sleeping          |     5 |     4 ||     9
Armor: Robe              |    23 |       ||    23
       Leather armour    |     1 |    49 ||    50
Dodge: Dodged            |    61 |   112 ||   173

Table legend: (Time is in decaauts)
 A = Elapsed time spent in this place.
 B = Non-inter-level travel time spent in this place.
 C = Inter-level travel time spent in this place.
 D = Time resting spent in this place.
 E = Time spent auto-exploring this place.
 F = Levels seen in this place.
 G = Mean time per level.
                   A        B        C        D        E       F      G
               +--------+--------+--------+--------+--------+-----+--------+
         Total |   3974 |   3910 |     64 |    831 |   2271 |   4 |  993.5 |
       Dungeon |   3974 |   3910 |     64 |    831 |   2271 |   4 |  993.5 |
               +--------+--------+--------+--------+--------+-----+--------+

Top non-repeatable levels by time:
     D:3: 1571 daAuts
     D:2: 1036 daAuts
     D:1: 953 daAuts
     D:4: 412 daAuts
